 Dungeon Crawl Stone Soup version 0.31-b1-12-gca42e3d1b8 (webtiles) character file.

Game seed: 5478020603864376484

61 hawla the Scratcher (level 3, 0/27 HPs)
             Began as a Felid Shapeshifter on Jan 15, 2024.
             Slain by a ball python (2 damage)
             ... in a sewer.
             The game lasted 00:02:38 (1996 turns).

hawla the Scratcher (Felid Shapeshifter)            Turns: 1996, Time: 00:02:38

Health: 0/27       AC: 21    Str: 12    XL:     3   Next: 83%
Magic:  4/4        EV:  1    Int: 13    God:
Gold:   153        SH:  0    Dex: 15    Spells: 2/2 levels left
                                        Lives:  0   Deaths: 1

rFire   . .          .
                       - Unarmed
rCold   . . .        (shield unavailable)
rNeg    . . .        (body armour unavailable)
rPois   +            (helmet unavailable)
rElec   .            (cloak unavailable)
rCorr   .            (gloves unavailable)
SInv    +            (boots unavailable)
Will    .....        (no amulet)
Stlth   ++           (no ring)
HPRegen 0.24/turn    (no ring)
MPRegen 0.09/turn

%: no passive effects
@: mighty, tree-form, constricted, invisible
A: stationary, stasis, torment immunity, boosted hp, very small, (claws 1),
(fangs 3), see invisible, (shaggy fur 1), (stealthy paws), no weapons or thrown
items, no armour, multi-lived
a: no special abilities


You were in a sewer.
You were a tree.
You visited 1 branch of the dungeon, and saw 3 of its levels.
You also visited: Sewer.

You collected 153 gold pieces.

Inventory:

Jewellery
 r - a +6 ring of strength
Talismans
 b - a beast talisman
 c - a flux talisman
 s - a blade talisman
Scrolls
 g - a scroll of teleportation {unknown}
 h - a scroll of vulnerability {unknown}
 i - 2 scrolls of amnesia {unknown}
 m - a scroll of enchant armour {unknown}
 u - a scroll of revelation {unknown}
Potions
 e - a potion of cancellation
 j - a potion of haste
 k - a potion of ambrosia {unknown}
 l - a potion of mutation
 n - a potion of invisibility
 o - a potion of berserk rage {unknown}
 p - a potion of enlightenment {unknown}
 q - a potion of resistance {unknown}
 t - a potion of curing {unknown}


   Skills:
 + Level 1.4 Fighting
 + Level 3.0 Dodging
 + Level 0.8 Stealth
 + Level 3.8 Unarmed Combat
 * Level 3.3 Shapeshifting


You had 2 spell levels left.
You didn't know any spells.
Your spell library was empty.

Dungeon Overview and Level Annotations

Branches:
Dungeon (3/15)              Sewer (1/1)

Altars:
Hepliaklqana


Innate Abilities, Weirdness & Mutations

You are a tree.
Your roots penetrate the ground, keeping you stationary.
You cannot be teleported.
You are immune to unholy pain and torment.
Your maximum health is greatly increased.
((You have sharp claws.))
((You have razor-sharp teeth.))
You have supernaturally acute eyesight. (SInv)
((You are covered in fur. (AC +1)))
((Your paws help you pounce on unaware monsters.))
You are incapable of wielding weapons or throwing items.
You cannot wear armour.
You gain extra lives every three experience levels.


Message History

You barely miss the river rat. The river rat barely misses you.
You scratch the river rat.
The river rat is heavily wounded.
The river rat bites you. The river rat bites you!
Ouch! That really hurt!
You are too injured to fight recklessly!
You are too injured to fight recklessly!
You are too injured to fight recklessly!
The ball python closely misses you. The ball python misses you.
You closely miss the river rat. The ball python closely misses you. x2
The river rat completely misses you.
You barely miss the river rat. The ball python closely misses you.
The ball python misses you. The river rat closely misses you.
You barely miss the river rat. The ball python misses you.
The ball python grabs you. The ball python constricts you.
The river rat bites you. The river rat closely misses you.
You scratch the river rat but do no damage.
The ball python closely misses you. The ball python constricts you.
The river rat misses you. The river rat barely misses you.
The ball python barely misses you. The ball python constricts you.
You scratch the river rat.
The river rat is lightly wounded.
The river rat bites you. The river rat closely misses you.
The ball python misses you. The ball python constricts you.
* * * LOW HITPOINT WARNING * * *
You feel very mighty all of a sudden.
The river rat closely misses you. x2; The ball python completely misses you.
The ball python constricts you.
* * * LOW HITPOINT WARNING * * *
Your transformation has ended.
You turn into a tree.
Your roots penetrate the ground.
The ball python bites you but does no damage.
The ball python constricts you.
The river rat bites you but does no damage.
The river rat bites you.
* * * LOW HITPOINT WARNING * * *
It was a potion of invisibility.
You fade into invisibility!
The ball python bites you.
You die...

#####
##...##
#.##.....##
~.......S.#
........r♣#
####....r∩#
###.∩###
####


You could see 2 river rats and a ball python (unable to see you).

Vanquished Creatures
  An adder (D:2)
  A ribbon worm (D:2)
  4 endoplasms
  A giant cockroach (D:3)
  4 goblins
  6 hobgoblins
  4 jackals (D:3)
  3 quokkas
  6 ball pythons
  3 bats
  2 frilled lizards (D:1)
  5 kobolds
  7 rats
47 creatures vanquished.

Notes
Turn   | Place    | Note
-------+----------+-------------------------------------------
     0 | D:1      | hawla the Felid Shapeshifter began the quest for the Orb.
     0 | D:1      | Reached XP level 1. HP: 10/10 MP: 2/2
    15 | D:1      | Noticed an electric eel
   189 | D:1      | Reached XP level 2. HP: 14/14 MP: 3/3
  1061 | D:2      | Reached XP level 3. HP: 15/18 MP: 4/4
  1359 | D:2      | Identified the +2 ring mail "Uzeluqics" {Int+2}
  1847 | D:3      | Found a hazy altar of Hepliaklqana.
  1896 | D:3      | Found a glowing drain.
  1918 | D:3      | Slain by a river rat
  1918 | D:3      | Lost a life (0 lives remaining)
  1980 | Sewer    | Entered a sewer
  1996 | Sewer    | Slain by a ball python

Illustrated notes

Levels and vault maps discovered:
D:1:      arrival_aquarium_a, layout_loops_ring, serial_bayou_lake_a
D:2:      layout_loops_corners
D:3:      layout_basic, yredelemnul_forgotten_temple_becter,
          nicolae_hepliaklqana_hippocampus, portal_sewer_entry_a,
          kennysheep_cross_room, serial_park_tiny_pond, nrook_mini_vaults
Sewer:    sewer_fruit_machine

Skill      XL: |  1  2 |
---------------+-------+-----
Shapeshifting  | 3 |  3.3
Dodging        | 3 |  3.0
Fighting       | |  1.4
Stealth        | |  0.8
Unarmed Combat | |  3.8

Action                     || total
---------------------------++-------
  Melee: Unarmed           ||   131
         Bite              ||     4
         Punch             ||     2
    Use: Scroll            ||     4
         Potion            ||     3
   Stab: Sleeping          ||     4
 Armour: Skin              ||    33
  Dodge: Dodged            ||   101
